 Dungeon Crawl Stone Soup version 0.28.0-43-g3370ac3207 (webtiles) character file.

Game seed: 984206959721604576

27 graymark the Skirmisher (level 3, -1/34 HPs)
             Began as a Naga Chaos Knight on Mar 2, 2022.
             Was a Plaything of Xom.
             Slain by Terence
             ... wielding a +0 hand axe of flaming
              (2 damage)
             ... on level 2 of the Dungeon.
             The game lasted 00:01:56 (1160 turns).

graymark the Skirmisher (Naga Chaos Knight)         Turns: 1160, Time: 00:01:58

Health: -1/34      AC:  4    Str: 16    XL:     3   Next: 10%
Magic:  3/3        EV:  9    Int: 12    God:    Xom [..*...]
Gold:   35         SH:  0    Dex: 10    Spells: 2/2 levels left

rFire   . . .      SeeInvis +   a - +0 spear (chaos)
rCold   . . .      Faith    .   (no shield)
rNeg    . . .      Spirit   .   b - +2 leather armour
rPois   +          Reflect  .   (no helmet)
rElec   .          Harm     .   (no cloak)
rCorr   .          Rampage  .   (no gloves)
Will    .....                   (no barding)
Stlth   +.........              (no amulet)
HPRegen 0.11/turn               (no ring)
MPRegen 0.08/turn               (no ring)

@: very slow
A: AC +1, large, see invisible, deformed body, poison resistance, slowness 2,
spit poison 1, naga tail 1
a: Spit Poison, Renounce Religion


You were on level 2 of the Dungeon.
You worshipped Xom.
You were a toy of Xom.
You visited 1 branch of the dungeon, and saw 2 of its levels.

You collected 35 gold pieces.

Inventory:

Hand Weapons
 a - a +0 spear of chaos (weapon)
Armour
 b - a +2 leather armour (worn)
Jewellery
 d - a ring of flight
 h - a +6 ring of dexterity
 i - a ring of wizardry
Scrolls
 c - 2 scrolls of magic mapping {unknown}
 e - 2 scrolls of identify {unknown}
 g - 2 scrolls of teleportation {unknown}
Potions
 f - a potion of haste {unknown}
 j - a potion of resistance {unknown}


   Skills:
 * Level 3.2 Fighting
 * Level 3.2 Polearms
 * Level 2.0 Armour
 * Level 1.2 Dodging
 + Level 1.0 Stealth


You had 2 spell levels left.
You didn't know any spells.
Your spell library was empty.

Dungeon Overview and Level Annotations

Branches:
Dungeon (2/15)

Altars:

Annotations:
D:2 Terence


Innate Abilities, Weirdness & Mutations

Your serpentine skin is tough. (AC +1)
You have supernaturally acute eyesight. (SInv)
Armour fits poorly on your strangely shaped body.
Your system is resistant to poisons. (rPois)
You cover ground very slowly.
You can spit poison.
You have a snake-like lower body.


Message History

The adder bites you. The adder closely misses you.
Terence completely misses you. The adder barely misses you.
Terence barely misses you.
The kobold shouts!
Terence shouts, "DIE!!!"
The adder misses you. The adder bites you.
Terence hits you with a +0 hand axe of flaming.
Terence burns you. The adder completely misses you. The adder bites you.
The adder bites you but does no damage.
The kobold throws a stone.
The stone hits you but does no damage.
Terence barely misses you. "Go forth and destroy!"
You feel much better. The adder bites you but does no damage.
Terence barely misses you. Xom smiles on you.
You feel better. The adder bites you but does no damage.
The adder barely misses you.
Terence hits you with a +0 hand axe of flaming!
Terence burns you. The adder bites you but does no damage.
The adder barely misses you.
Terence hits you with a +0 hand axe of flaming.
Terence burns you. The adder barely misses you. The adder bites you.
The kobold throws a stone.
The stone hits you but does no damage. The adder bites you but does no damage.
The kobold hits you but does no damage.
Terence hits you with a +0 hand axe of flaming.
Terence burns you. The adder bites you.
* * * LOW HITPOINT WARNING * * *
The adder bites you.
* * * LOW HITPOINT WARNING * * *
Terence hits you with a +0 hand axe of flaming.
* * * LOW HITPOINT WARNING * * *
Terence burns you.
You die...
Xom is highly amused!

### ##### ..## #...# ...##
#...# ....# #...# ....#
#...# ######### ....# #...#
#.......#
....####...####..@....#
................@S....#####
....####....###..K........##
...## #....###............##
..## #....##†)##..........#
.## ####.##.###..........#
.##### #....# #..........#
...... #..### #..........#
...... #..# #..........#
...... #..# ##.........##


You could see Terence, an adder and a kobold.

Vanquished Creatures
  An adder (D:2)
  A worm (D:2)
  A bat (D:1)
  An endoplasm (D:2)
  2 giant cockroaches (D:1)
  A hobgoblin (D:1)
  A kobold (D:2)
  A quokka (D:1)
  2 goblins (D:1)
  4 rats
15 creatures vanquished.

Notes
Turn   | Place    | Note
-------+----------+-------------------------------------------
     0 | D:1      | graymark the Naga Chaos Knight began the quest for the Orb.
     0 | D:1      | Reached XP level 1. HP: 21/21 MP: 1/1
     3 | D:1      | XOM: silly message
   381 | D:1      | Reached skill level 1 in Dodging
   381 | D:1      | Reached XP level 2. HP: 24/28 MP: 2/2
   694 | D:1      | Found a faded altar of an unknown god.
   804 | D:2      | XOM: stealth player
  1067 | D:2      | Reached skill level 1 in Stealth
  1067 | D:2      | Reached XP level 3. HP: 29/34 MP: 3/3
  1133 | D:2      | Noticed Terence
  1151 | D:2      | XOM: potion effect (heal wounds)
  1152 | D:2      | XOM: potion effect (curing)
  1160 | D:2      | HP: 1/34 [Terence/+0 hand axe of flaming (6)]
  1160 | D:2      | Slain by Terence

Illustrated notes

Levels and vault maps discovered:
D:1:      minmay_arrival_diagonal_passages, layout_loops_cross,
          dreamdust_ecumenical_altar_hidden_monk_grotto
D:2:      layout_rooms, uniq_terence

Skill      XL: |  1  2 |
---------------+-------+-----
Dodging        | 1 |  1.2
Armour         | 2 |  2.0
Stealth        | 1 |  1.0
Fighting       | |  3.2
Polearms       | |  3.2

Action                   || total
-------------------------++-------
Melee: Spear             ||    54
 Stab: Sleeping          ||     1
Armor: Leather armour    ||    23
Dodge: Dodged            ||    30
